 Dungeon Crawl Stone Soup version 0.16.2 (webtiles) character file.

19 operationiv the Magician (level 2, -1/19 HPs)
             Began as a Mummy Wizard on Aug 14, 2015.
             Slain by an adder (2 damage)
             ... on level 2 of the Dungeon.
             The game lasted 00:03:44 (926 turns).

operationiv the Magician (Mummy Wizard)              Turns: 926, Time: 00:03:44

Health: -1/19      AC:  4    Str: 10    XL:     2   Next: 55%
Magic:  1/6        EV: 12    Int: 17    God:
Gold:   38         SH:  0    Dex: 10    Spells: 1 memorised, 6 levels left

rFire  x . .     SeeInvis .     g - +0 mace
rCold  + . .     Clarity  .     a - +0 robe
rNeg   + + +     SustAb   .     (no shield)
rPois  ∞         Gourm    .     b - +1 hat
rElec  .         Spirit   .     (no cloak)
rCorr  .         Warding  .     i - +0 pair of gloves
rMut   .         Stasis   .     (no boots)
MR     .....                    (no amulet)
Stlth  ++........               (no ring)
                                (no ring)

@: not resistant to hostile enchantments, unstealthy
A: no food or potions, fire vulnerability, restore body, cold resistance 1,
negative energy resistance 3, poison resistance, torment resistance, unbreathing
a: no special abilities


You were on level 2 of the Dungeon.
You were not hungry.

You visited 1 branch of the dungeon, and saw 2 of its levels.

You collected 38 gold pieces.

Inventory:

Hand weapons
 d - a +0 short sword
 g - a +0 mace (weapon)
Armour
 a - a +0 robe (worn)
 b - a +1 hat (worn)
 i - a +0 pair of gloves (worn)
Scrolls
 e - 3 scrolls of identify {unknown}
 f - a scroll of recharging {unknown}
 h - 2 scrolls of fear {unknown}
Books
 c - a book of Minor Magic

   Spells                             Type                      Level
   a - Magic Dart                     Conjuration                  1
   b - Blink                          Translocation                2
   c - Call Imp                       Summoning                    2
   d - Repel Missiles                 Charms/Air                   2
   e - Slow                           Hexes                        2
   f - Conjure Flame                  Conjuration/Fire             3
   g - Mephitic Cloud                 Conjuration/Poison/Air       3


   Skills:
 + Level 1.9 Dodging
 + Level 1.7 Stealth
 + Level 3.4 Spellcasting
 + Level 1.0 Conjurations
   Level 0.7 Summonings
   Level 0.7 Translocations


You had 6 spell levels left.
You knew the following spells:

 Your Spells              Type           Power        Failure   Level  Hunger
a - Magic Dart            Conj           #...         14%         1    N/A

Dungeon Overview and Level Annotations

Branches:
Dungeon (2/15)

Altars:
Qazlal


Innate Abilities, Weirdness & Mutations

You do not eat or drink.
Your flesh is vulnerable to fire.
Your flesh is cold resistant.
You are immune to negative energy.
Your system is resistant to poisons.
You are immune to unholy pain and torment.
You can survive without breathing.


Message History

The bat hits you but does no damage.
Casting: Magic Dart
Confirm with . or Enter, or press ? or * to list all spells.
You don't have enough magic to cast that spell.
The bat barely misses you. The bat hits you but does no damage.
The adder barely misses you.
You closely miss the adder.
The adder is almost dead.
The bat misses you. The adder bites you but does no damage.
The bat barely misses you. The adder barely misses you. The bat misses you.
You barely miss the adder.
The adder is almost dead.
The bat hits you but does no damage. The bat closely misses you.
The adder closely misses you. The adder barely misses you.
You barely miss the adder.
The adder is almost dead.
The bat closely misses you. The bat barely misses you. The adder bites you.
* * * LOW HITPOINT WARNING * * *
The adder bites you.
You die...

......#
......########################
#.....................>......#
############################.#
#.# ####### #.# #...b.# #.#
#.....# #.# #@S...#######.#
#.b(..........#
#......######## ..........#
...........# ..........#.#
###......#.# #......#.#
#......#.#


You could see an adder and 2 bats.

Vanquished Creatures
  An ooze (D:1)
  A giant cockroach (D:1)
  6 hobgoblins
  3 bats
  2 goblins
  2 kobolds (D:1)
  A rat (D:1)
16 creatures vanquished.

Notes
Turn   | Place    | Note
--------------------------------------------------------------
     0 | D:1      | operationiv, the Mummy Wizard, began the quest for the Orb.
     0 | D:1      | Reached XP level 1. HP: 13/13 MP: 4/4
   333 | D:1      | Reached XP level 2. HP: 14/19 MP: 3/6
   659 | D:1      | Reached skill level 1 in Conjurations
   744 | D:2      | Found a stormy altar of Qazlal.
   926 | D:2      | Slain by an adder

Action                   || total
-------------------------++-------
Melee: Short sword       ||    28
       Unarmed           ||     2
       Mace              ||     9
 Cast: Magic Dart        ||    24
  Use: Scroll            ||     1
